 Dungeon Crawl Stone Soup version 0.31-a0-1154-gadca813884 (webtiles) character file.

Game seed: 1819304516434696707

104633 Dirtsage the Earth Mage (level 16, 0/103 HPs)
             Began as a Gargoyle Earth Elementalist on Dec 6, 2023.
             Was a High Priest of Vehumet.
             Slain by a pharaoh ant (26 damage)
             ... on level 2 of the Lair of Beasts on Dec 7, 2023.
             The game lasted 01:52:17 (22405 turns).

Dirtsage the Earth Mage (GrEE)                     Turns: 22405, Time: 01:52:18

Health: 0/103      AC: 26    Str: 17    XL:     16   Next: 39%
Magic:  30/30      EV: 11    Int: 23    God:    Vehumet [*****.]
Gold:   1570       SH:  0    Dex:  5    Spells: 4/36 levels left

rFire   . . .        T - +2 sling "Xeugub" {heavy, Will++ Dex-5 SInv}
rCold   . . .        (no shield)
rNeg    + . .        k - +2 robe "Gailyf" {rElec Regen+}
rPois   ∞            W - +2 hat
rElec   +            i - +2 cloak {rCorr}
rCorr   +            V - +0 pair of gloves
SInv    +            M - +1 pair of boots
Will    ++++.        a - amulet of Bubb {RegenMP Rampage *Slow rElec rCorr}
Stlth   +            K - ring of Zumey {Wiz Str+4}
HPRegen 1.17/turn    u - ring of willpower
MPRegen 0.62/turn

%: slow self (1%), rampage, wizardry (x1)
@: about to teleport, flying
A: sickness immunity, AC +12, big wings, negative energy resistance 1,
electricity resistance, torment resistance 1, petrification resistance, wild
magic 1, MP-powered wands
a: Renounce Religion


You were on level 2 of the Lair of Beasts.
You worshipped Vehumet.
Vehumet was extremely pleased with you.
You visited 5 branches of the dungeon, and saw 24 of its levels.
You also visited: Volcano.

You collected 3268 gold pieces.
You spent 1698 gold pieces at shops.

Inventory:

Hand Weapons
 T - the +2 sling "Xeugub" (weapon) {heavy, Will++ Dex-5 SInv}
   (You found it on level 10 of the Dungeon)

   Dex-5:     It affects your dexterity (-5).
   Will++:    It greatly increases your willpower.
   SInv:      It lets you see invisible.
Armour
 i - a +2 cloak of preservation (worn)
 k - the +2 robe "Gailyf" (worn) {rElec Regen+}
   (You found it on level 2 of the Dungeon)

   rElec:     It insulates you from electricity.
   Regen+:    It increases your rate of health regeneration.
 C - a +3 ring mail of fire resistance
 M - a +1 pair of boots (worn)
 V - a +0 pair of gloves (worn)
 W - a +2 hat (worn)
Magical Staves
 J - the staff "Etusatos" {rPois Will+ Conj Earth}
   (You found it on level 8 of the Dungeon)

   [staff of earth]

   Base accuracy: +5 Base damage: 5 Base attack delay: 1.2 This weapon's minimum
   attack delay (0.6) is reached at skill level 12.
   rPois:     It protects you from poison Will+: It increases your willpower.
   Conj:      It increases the power of your Conjurations spells.
   Earth:     It increases the power of your Earth spells.
   It falls into the 'Staves' category.
   It is a one-handed weapon.
Jewellery
 a - the amulet of Bubb (around neck) {RegenMP Rampage *Slow rElec rCorr}
   (You acquired it on level 2 of the Lair of Beasts)

   [amulet of magic regeneration]

   RegenMP:   It increases your rate of magic regeneration.
   rElec:     It insulates you from electricity.
   rCorr:     It protects you from acid and corrosion.
   *Slow:     It may slow you when you take damage.
   Rampage:   It bestows one free step when moving towards enemies.
 f - a +4 ring of slaying
 o - an amulet of guardian spirit
 u - a ring of willpower (right hand)
 x - a ring of ice
 I - a ring of protection from cold
 K - the ring of Zumey (left hand) {Wiz Str+4}
   (You found it on level 8 of the Dungeon)

   [ring of wizardry]

   Wiz:       It improves your spell success rate.
   Str+4:     It affects your strength (+4).
Wands
 z - a wand of roots (19)
 A - a wand of charming (7)
 D - a wand of digging (2)
 P - a wand of polymorph (7)
 S - a wand of light (9)
Scrolls
 c - 2 scrolls of torment
 e - a scroll of fog
 g - 2 scrolls of fear
 j - 2 scrolls of amnesia
 m - 3 scrolls of summoning
 r - 3 scrolls of noise
 s - 3 scrolls of vulnerability
 t - 9 scrolls of teleportation
 v - 2 scrolls of enchant armour
 B - 2 scrolls of blinking
 G - 6 scrolls of poison
 H - a scroll of immolation
 N - a scroll of brand weapon
 R - 5 scrolls of enchant weapon
 X - a scroll of revelation
 Z - a scroll of silence
Potions
 b - 3 potions of magic
 d - 4 potions of might
 h - a potion of haste
 l - 4 potions of heal wounds
 n - a potion of resistance
 p - a potion of mutation
 q - 7 potions of curing
 w - 4 potions of ambrosia
 E - 2 potions of enlightenment
 F - 3 potions of attraction
 O - 4 potions of lignification {unknown}
 Q - 5 potions of brilliance
 U - a potion of invisibility
 Y - a potion of cancellation
Miscellaneous
 y - a phial of floods
 L - a lightning rod (4/4)


   Skills:
 + Level 12.5 Fighting
 + Level 9.8 Armour
 - Level 1.5 Dodging
 - Level 2.1 Stealth
 + Level 9.6 Shields
 + Level 10.7 Spellcasting
 - Level 11.3 Conjurations
 - Level 0.7 Transmutations
 + Level 10.1 Ice Magic
 - Level 7.6 Air Magic
 * Level 15.6 Earth Magic


You had 4 spell levels left.
You knew the following spells:

 Your Spells              Type           Power      Damage    Failure   Level
a - Sandblast             Erth           100%       2d20      1%          1
b - Bombard               Conj/Erth      38%        9d7       1%          6
c - Freezing Cloud        Conj/Ice/Air   32%        6-21      1%          5
d - Frozen Ramparts       Ice            100%       1d16      1%          3
e - Iskenderun's Mystic   Conj/Tloc      49%        2d11      1%          4
f - Arcjolt               Conj/Air       32%        1d42      1%          5
x - Stone Arrow           Conj/Erth      100%       3d13      1%          3
z - Lee's Rapid Deconstr  Erth           41%        3d20*     1%          5

Your spell library contained the following spells:

 Spells                   Type           Power      Damage    Failure   Level
 Plasma Beam              Fire/Air       19%        2x1d30    19%         6
 Freeze                   Ice            100%       1d10      1%          1
 Magic Dart               Conj           100%       1d8       1%          1
 Ensorcelled Hibernation  Hex/Ice        92%        N/A       1%          2
 Passwall                 Tmut/Erth      50%        N/A       1%          2
 Poisonous Vapours        Pois/Air       76%        N/A       1%          2
 Searing Ray              Conj           100%       2d8       1%          2
 Hailstorm                Conj/Ice       69%        3d12      1%          3
 Mephitic Cloud           Conj/Pois/Air  52%        N/A       1%          3
 Swiftness                Air            58%        N/A       1%          3
 Brom's Barrelling Bould  Conj/Erth      77%        2d9       1%          4
 Fulminant Prism          Conj/Hex       24%        3d12      1%          4
 Leda's Liquefaction      Hex/Erth       29%        N/A       1%          4
 Petrify                  Tmut/Erth      60%        N/A       1%          4
 Call Imp                 Summ           32%        N/A       4%          2
 Lesser Beckoning         Tloc           32%        N/A       4%          2
 Call Canine Familiar     Summ           16%        N/A       9%          3
 Gell's Gravitas          Tloc           16%        N/A       9%          3
 Sigil of Binding         Hex            16%        N/A       9%          3
 Teleport Other           Tloc           16%        N/A       9%          3
 Tukima's Dance           Hex            16%        N/A       9%          3
 Dimensional Bullseye     Hex/Tloc       8%         N/A       26%         4
 Passage of Golubria      Tloc           16%        N/A       26%         4
 Conjure Ball Lightning   Conj/Air       32%        3x3d10    2%          6
 Yara's Violent Unravell  Hex/Tmut       9%         3d6       14%         5
 Eringya's Noxious Bog    Tmut/Pois      9%         4d6       52%         6
 Summon Forest            Summ/Tloc      8%         N/A       54%         5
 Summon Hydra             Summ           8%         N/A       100%        7
 Discord                  Hex            8%         N/A       100%        8


Dungeon Overview and Level Annotations

Branches:
Dungeon (15/15)            Temple (1/1) D:7            Lair (5/5) D:9
 Shoals (0/4) Lair:2       Spider (1/4) Lair:2        Slime (0/5) Lair:4
    Orc (2/2) D:12            Elf (0/3) Orc:2        Vaults (0/5) D:13
 Depths (0/4) D:15        Volcano (visited)

Altars:
Ashenzari
Cheibriados
Dithmenos
Elyvilon
Fedhas
Gozag
Hepliaklqana
Kikubaaqudgha
Makhleb
Nemelex Xobeh
Okawaru
Qazlal
Ru
Sif Muna
Trog
Uskayaw
Vehumet
Wu Jian
Xom
Yredelemnul
Zin
The Shining One
Jiyva

Shops:
D:5 *   D:13 =   Orc:2 *!([:?[

Portals:
Pandemonium: Orc:2

Annotations:
D:11 Fannar
Lair:1 3 runed translucent doors, KimchiStew's ghost, journeyman HuFi; Nastucheso's ghost, journeyman DrFE; crawlacc's ghost, journeyman MiFi; nago's ghost, journeyman DjDe
Lair:4 1 runed translucent door, Xeluveit's ghost, journeyman AtMo
Lair:5 3 runed translucent doors, jt's ghost, journeyman NaFE
Orc:1 2 transporters, MrCrawl's ghost, journeyman DrFE
Orc:2 1 runed translucent door, Graknight's ghost, journeyman MiBe


Innate Abilities, Weirdness & Mutations

You are immune to sickness and miasma.
Your stone body is resilient. (AC +12)
You are immune to poison.
Your large and strong wings let you fly.
You resist negative energy. (rN+)
You are resistant to electric shocks. (rElec)
You are resistant to unholy torment.
You are immune to petrification.
Your spells are a little harder to cast, but a little more powerful.
You expend magic power (3 MP) to strengthen your wands.


Message History

The demonic crawler hits you but does no damage.
The demonic crawler completely misses you.
The wolf spider barely misses you. The wolf spider bites you.
The pharaoh ant bites you but does no damage.
The demonic crawler hits you.
The demonic crawler hits you but does no damage.
The demonic crawler barely misses you.
The demonic crawler hits you but does no damage.
The demonic crawler closely misses you. The demonic crawler barely misses you.
The pharaoh ant bites you!! The wolf spider barely misses you. x2
There is a crawl-hole back to the Lair here.
You take 53 damage, and have 50/103 hp.
MASSIVE DAMAGE!!
Casting: Bombard (dangerous; 1% risk of failure)
Confirm with . or Enter, or press ? or * to list all spells.
Okay, then.
The wolf spider barely misses you. The wolf spider bites you.
The pharaoh ant closely misses you. The demonic crawler hits you.
The demonic crawler hits you but does no damage.
The demonic crawler misses you. The demonic crawler closely misses you.
The demonic crawler barely misses you.
The demonic crawler hits you but does no damage.
You fly upwards.
Welcome back to the Lair of Beasts!
Your resistance to elements expires.
There is a hole to the Spider Nest here.
You take 6 damage, and have 44/103 hp.
As you read the scroll of fear, it crumbles to dust.
You assume a fearsome visage.
The demonic crawler looks frightened!
The pharaoh ant is unaffected.
The demonic crawler looks frightened!
The wolf spider looks frightened!
The pharaoh ant bites you!!
* * * LOW HITPOINT WARNING * * *
The pharaoh ant closely misses you.
You take 18 damage, and have 26/103 hp.
As you read the scroll of teleportation, it crumbles to dust.
You feel strangely unstable. The pharaoh ant bites you.
* * * LOW HITPOINT WARNING * * *
You take 3 damage, and have 23/103 hp.
The pharaoh ant bites you but does no damage.
You regained 2 hp, and now have 25/103 hp.
The pharaoh ant bites you!!
You die...

####.## ####).........
#.....######.............
##........#.........#.....
#....^...###.^...#.###.P..
###^.....^###.......#####..
#....^..^##^#.......P# ##..
##......##^^^........# #...
#......#^^B...^....#####..
##...^..^@^....s..........
#P..#...^^^^......####P...
#..##^...#^^^.....# ###..
##)#^^^^..###ss..## ###
##..##^^...###...## #####
#....###.........P####P...
#...###.#.#...............
###.......#.......#..#.P##
#.#.#..PP#..#.##...######


You could see 2 demonic crawlers, a wolf spider (fleeing) and a pharaoh ant.

Vanquished Creatures
  Frances (Spider:1)
  Kirke (D:15)
  Gastronok (Lair:1)
  Azrael (Orc:2)
  Josephine (D:12)
  An ettin (Orc:1)
  2 fire dragons (Lair:5)
  An entropy weaver (Spider:1)
  A catoblepas (Lair:4)
  4 vault guards (D:13)
  3 demonspawn (Orc:2)
  4 hydras
  An ogre mage (D:13)
  4 boulder beetles
  A radroach (Spider:1)
  4 two-headed ogres
  4 centaur warriors
  2 demonic crawlers
  2 tengu warriors
  9 orc high priests (Orc:2)
  Nergalle (D:11)
  5 skeletal warriors (D:15)
  A pharaoh ant (Spider:1)
  A skyshark (Lair:2)
  An orb spider (Spider:1)
  3 deep elf archers
  A swamp dragon (Lair:5)
  2 lindwurms (Lair:5)
  5 orc knights
  9 deep elf pyromancers
  An oklob plant (Lair:2)
  5 ugly things (D:15)
  5 orc sorcerers
  A manticore (D:15)
  7 kobold blastminers
  6 cyclopes
  10 elephants
  4 black mambas
  Joseph (D:9)
  A gargoyle (D:13)
  2 unseen horrors
  5 torpor snails (Lair:5)
  An efreet (D:14)
  2 yaktaurs (D:13)
  2 kobold demonologists
  8 cane toads
  2 orange demons (Orc:2)
  6 komodo dragons
  3 rime drakes
  A freezing wraith (D:14)
  6 tengu conjurers
  A red devil (Orc:2)
  2 polar bears
  2 merfolk (Lair:2)
  3 tyrant leeches (Lair:5)
  9 trolls
  4 tarantellas (Spider:1)
  11 hornets
  Grinder (D:3)
  16 blink frogs
  3 jumping spiders (Spider:1)
  11 slime creatures
  A culicivora (shapeshifter) (D:12)
  Sigmund (D:2)
  2 vampires
  2 humans
  5 wyverns
  A shadow (D:12)
  11 fire elementals
  10 wraiths
  5 hogs (D:15)
  19 yaks
  3 basilisks
  7 redbacks
  11 vampire mosquitoes
  A warg (Orc:1)
  6 hell hounds
  6 acid dragons
  21 water moccasins
  3 black bears
  A swamp drake (Lair:5)
  28 orc warriors
  3 sky beasts
  3 ogres
  4 ice beasts
  10 boggarts
  3 phantoms
  7 centaurs
  A kobold brigand (D:10)
  2 scorpions
  21 bullfrogs
  A gnoll sergeant (D:8)
  8 wights
  3 troll zombies (D:12)
  6 killer bees
  8 howler monkeys
  4 electric eels
  4 jellies
  Ijyb (D:5)
  31 orc priests
  Crazy Yiuf (D:3)
  A gnoll bouda (D:7)
  6 hell rats (Lair:1)
  5 iguanas
  2 sleepcaps
  Natasha (thrice) (D:3)
  17 orc wizards
  3 ogre zombies (D:12)
  8 gnolls
  5 adders
  3 shadow imps
  2 white imps (D:6)
  2 worms
  2 dart slugs (D:2)
  70 orcs
  7 ball pythons
  6 bats
  7 endoplasms
  A giant cockroach (D:3)
  2 gnoll zombies (D:12)
  6 hobgoblins
  3 jackals (D:4)
  7 kobolds
  2 frilled lizards
  4 gnoll skeletons (D:12)
  3 goblins
  3 orc skeletons (D:12)
  9 orc zombies (D:12)
  A rat (D:2)
674 creatures vanquished.

Vanquished Creatures (others)
  A manticore (D:8)
  A shadow (D:8)
2 creatures vanquished.

Grand Total: 676 creatures vanquished

Notes
Turn   | Place    | Note
-------+----------+-------------------------------------------
     0 | D:1      | Dirtsage the Gargoyle Earth Elementalist began the quest
                  | for the Orb.
     0 | D:1      | Reached XP level 1. HP: 10/10 MP: 3/3
   445 | D:1      | Reached XP level 2. HP: 16/16 MP: 0/5
  1056 | D:2      | Reached skill level 4 in Earth Magic
  1082 | D:2      | Reached skill level 1 in Fighting
  1082 | D:2      | Reached skill level 1 in Conjurations
  1096 | D:2      | Reached XP level 3. HP: 20/20 MP: 0/6
  1340 | D:2      | Noticed Sigmund
  1347 | D:2      | Killed Sigmund
  1348 | D:2      | Reached skill level 5 in Earth Magic
  1348 | D:2      | Reached XP level 4. HP: 23/27 MP: 1/8
  1348 | D:2      | Reached XP level 5. HP: 26/31 MP: 1/9
  1465 | D:2      | Identified the +2 robe "Gailyf" {rElec Regen+}
  2276 | D:3      | Reached XP level 6. HP: 36/36 MP: 8/10
  2348 | D:3      | Noticed Natasha
  2352 | D:3      | Killed Natasha
  2482 | D:3      | Noticed Natasha
  2489 | D:3      | Killed Natasha
  2626 | D:3      | Noticed Natasha
  2629 | D:3      | Killed Natasha
  2630 | D:3      | Reached skill level 6 in Earth Magic
  2707 | D:3      | Noticed Grinder
  2713 | D:3      | Paralysed by Grinder for 3 turns
  2716 | D:3      | Killed Grinder
  2717 | D:3      | Reached XP level 7. HP: 37/41 MP: 6/12
  2844 | D:3      | Found a runed translucent door.
  2845 | D:3      | Noticed Crazy Yiuf
  2852 | D:3      | Learned a level 3 spell: Stone Arrow
  2854 | D:3      | Gained mutation: You expend magic power (3 MP) to
                  | strengthen your wands. [potion of mutation]
  2854 | D:3      | Gained mutation: Your spells are a little harder to cast,
                  | but a little more powerful. [potion of mutation]
  2857 | D:3      | Killed Crazy Yiuf
  3154 | D:4      | Reached skill level 7 in Earth Magic
  4002 | D:5      | Entered Level 5 of the Dungeon
  4002 | D:5      | Found Qek Siar's General Store.
  4009 | D:5      | Bought a scroll of blinking for 97 gold pieces
  4009 | D:5      | Bought a scroll of identify for 26 gold pieces
  4084 | D:5      | Noticed Ijyb
  4095 | D:5      | Killed Ijyb
  4166 | D:5      | Reached XP level 8. HP: 48/48 MP: 10/14
  4562 | D:6      | Reached skill level 8 in Earth Magic
  4605 | D:6      | Found a burning altar of Makhleb.
  4613 | D:6      | Found a snail-covered altar of Cheibriados.
  4954 | D:6      | Reached skill level 5 in Fighting
  5039 | D:6      | Reached skill level 5 in Conjurations
  5039 | D:6      | Reached skill level 9 in Earth Magic
  5359 | D:6      | Reached XP level 9. HP: 54/54 MP: 2/16
  5360 | D:6      | Reached skill level 5 in Spellcasting
  5701 | D:6      | Found a broken altar of Ashenzari.
  6099 | D:7      | Reached skill level 10 in Earth Magic
  6319 | D:7      | Found a staircase to the Ecumenical Temple.
  6339 | Temple   | Entered the Ecumenical Temple
  6352 | Temple   | Became a worshipper of Vehumet
  6844 | D:8      | Reached skill level 11 in Earth Magic
  6844 | D:8      | Reached XP level 10. HP: 61/61 MP: 7/19
  7186 | D:8      | Noticed a six-headed hydra
  7186 | D:8      | Noticed a cyclops
  7186 | D:8      | Noticed a cyclops
  7187 | D:8      | Noticed a manticore
  7188 | D:8      | Noticed a kobold demonologist
  7189 | D:8      | Killed a six-headed hydra
  7191 | D:8      | Noticed a two-headed ogre
  7194 | D:8      | Noticed a rust devil
  7197 | D:8      | Killed a cyclops
  7197 | D:8      | Killed a manticore
  7198 | D:8      | Noticed an orange demon
  7203 | D:8      | Killed a kobold demonologist
  7209 | D:8      | Killed a cyclops
  7210 | D:8      | Reached skill level 12 in Earth Magic
  7216 | D:8      | Killed a two-headed ogre
  7356 | D:8      | Got the Codex of Coruscating Ensorcelling
  7365 | D:8      | Identified the staff "Etusatos" {rPois Will+ Conj Earth}
  7365 | D:8      | Identified the ring of Zumey {Wiz Str+4}
  7375 | D:8      | Learned a level 4 spell: Brom's Barrelling Boulder
  7379 | D:8      | Got the Handbook of Thunder
  7386 | D:8      | Learned a level 5 spell: Freezing Cloud
  7411 | D:8      | Reached * piety under Vehumet
  7411 | D:8      | Offered knowledge of Kiss of Death by Vehumet.
  7425 | D:8      | Reached skill level 1 in Ice Magic
  7518 | D:8      | Reached skill level 1 in Shields
  7518 | D:8      | Reached skill level 1 in Air Magic
  7519 | D:8      | Reached skill level 1 in Armour
  7519 | D:8      | Reached XP level 11. HP: 63/68 MP: 14/21
  7672 | D:8      | Found a glowing silver altar of Zin.
  7672 | D:8      | Found a sparkling altar of Nemelex Xobeh.
  7673 | D:8      | Found a stormy altar of Qazlal.
  7673 | D:8      | Found a blossoming altar of Fedhas.
  8190 | D:9      | Found a staircase to the Lair.
  8366 | D:9      | Noticed Joseph
  8373 | D:9      | Killed Joseph
  8402 | D:9      | Noticed a two-headed ogre
  8405 | D:9      | Killed a two-headed ogre
  8598 | D:9      | Offered knowledge of Searing Ray by Vehumet.
  8602 | D:9      | Reached ** piety under Vehumet
  8893 | D:9      | Learned a level 3 spell: Frozen Ramparts
  9071 | D:10     | Entered Level 10 of the Dungeon
  9504 | D:10     | Found the +18 Lear's hauberk
  9672 | D:10     | Identified the +2 sling "Xeugub" {heavy, Will++ Dex-5 SInv}
  9854 | D:11     | Noticed a boulder beetle
  9891 | D:10     | Identified a scroll of acquirement
  9895 | D:10     | Acquired 804 gold pieces
  9983 | D:11     | Noticed Nergalle
  9989 | D:11     | Killed Nergalle
 10045 | D:11     | You fall into a shaft and drop 1 floor!
 10125 | D:12     | Noticed Josephine
 10131 | D:12     | Killed Josephine
 10131 | D:12     | Offered knowledge of Scorch by Vehumet.
 10221 | D:11     | Reached XP level 12. HP: 69/75 MP: 9/23
 10236 | D:11     | Killed a boulder beetle
 10698 | D:11     | Reached skill level 5 in Ice Magic
 10810 | D:11     | Noticed Fannar
 10810 | D:11     | Noticed a two-headed ogre
 10880 | Lair:1   | Entered Level 1 of the Lair of Beasts
 11052 | Lair:1   | Found a runed translucent gate.
 11052 | Lair:1   | Found a runed translucent gate.
 11052 | Lair:1   | Found a runed translucent gate.
 11053 | Lair:1   | Noticed crawlacc's ghost (journeyman MiFi)
 11053 | Lair:1   | Noticed Nastucheso's ghost (journeyman DrFE)
 11054 | Lair:1   | Noticed KimchiStew's ghost (journeyman HuFi)
 11054 | Lair:1   | Noticed nago's ghost (journeyman DjDe)
 11338 | Lair:1   | Reached *** piety under Vehumet
 11495 | Lair:1   | Noticed Gastronok
 11504 | Lair:1   | Killed Gastronok
 11704 | Lair:1   | Reached skill level 5 in Air Magic
 11710 | Lair:1   | Offered knowledge of Ignite Poison by Vehumet.
 12246 | Lair:2   | Noticed a skyshark
 12251 | Lair:2   | Killed a skyshark
 12437 | Lair:2   | Found a staircase to the Shoals.
 12532 | Lair:2   | Reached skill level 5 in Armour
 12537 | Lair:2   | Reached skill level 5 in Shields
 12540 | Lair:2   | Reached XP level 13. HP: 35/80 MP: 16/25
 12602 | Lair:2   | Acquired the amulet of Bubb {RegenMP Rampage *Slow rElec
                  | rCorr}
 12755 | Lair:2   | Reached **** piety under Vehumet
 13009 | Lair:2   | Found a hole to the Spider Nest.
 13236 | Lair:3   | Offered knowledge of Iskenderun's Mystic Blast by Vehumet.
 13962 | Lair:3   | Learned a level 4 spell: Iskenderun's Mystic Blast
 14272 | Lair:4   | Found a runed translucent door.
 14275 | Lair:4   | Noticed Xeluveit's ghost (journeyman AtMo)
 14369 | Lair:4   | Reached skill level 10 in Fighting
 14405 | Lair:4   | Reached ***** piety under Vehumet
 14496 | Lair:4   | Offered knowledge of Fulminant Prism by Vehumet.
 14769 | Lair:4   | Found a viscous altar of Jiyva.
 14769 | Lair:4   | Found a staircase to the Slime Pits.
 14828 | Lair:4   | Found a bloodstained altar of Trog.
 15006 | Lair:5   | Entered Level 5 of the Lair of Beasts
 15071 | Lair:5   | Reached skill level 10 in Conjurations
 15132 | Lair:5   | Found a runed translucent gate.
 15132 | Lair:5   | Found a runed translucent gate.
 15132 | Lair:5   | Found a runed translucent gate.
 15132 | Lair:5   | Found a glowing golden altar of the Shining One.
 15132 | Lair:5   | Noticed jt's ghost (journeyman NaFE)
 15235 | Lair:5   | Reached skill level 13 in Earth Magic
 15356 | Lair:5   | Noticed a fire dragon
 15362 | Lair:5   | Killed a fire dragon
 15643 | Lair:5   | Gained mutation: Your large and strong wings let you fly.
                  | [Gargoyle growth]
 15643 | Lair:5   | Reached XP level 14. HP: 88/88 MP: 17/27
 15886 | Lair:5   | Identified the +2 scale mail "Unoosoem" {Harm Int+2 Stlth-}
 15907 | Lair:5   | Identified the +0 leather armour of the Raven {Str+2}
 16631 | D:12     | Found a staircase to the Orcish Mines.
 16826 | D:12     | Offered knowledge of Arcjolt by Vehumet.
 16834 | D:12     | Learned a level 5 spell: Arcjolt
 17220 | Orc:1    | Entered Level 1 of the Orcish Mines
 17220 | Orc:1    | Noticed an orc warlord
 17225 | Orc:1    | Noticed MrCrawl's ghost (journeyman DrFE)
 17289 | Orc:1    | Found a dark tunnel.
 17318 | Volcano  | Entered a volcano
 17733 | Orc:1    | Found a transporter.
 17737 | Orc:1    | Found a bloodstained altar of Trog.
 17912 | Orc:1    | Found a transporter.
 17988 | Orc:2    | Entered Level 2 of the Orcish Mines
 17988 | Orc:2    | Noticed Azrael
 17999 | Orc:2    | Identified the +1 dire flail of Ru, Scorching {chaos, rCorr
                  | Str+2}
 17999 | Orc:2    | Noticed Graknight's ghost (journeyman MiBe)
 17999 | Orc:2    | Found a runed translucent door.
 17999 | Orc:2    | Found a shimmering altar of Xom.
 17999 | Orc:2    | Found a staircase to the Elven Halls.
 18010 | Orc:2    | Found Bysmerche's Magic Scroll Shoppe.
 18100 | Orc:2    | Found Onoetueca's Armour Shop.
 18104 | Orc:2    | Killed Azrael
 18158 | Orc:2    | Bought a scroll of identify for 28 gold pieces
 18158 | Orc:2    | Bought a scroll of immolation for 56 gold pieces
 18158 | Orc:2    | Bought a scroll of teleportation for 42 gold pieces
 18158 | Orc:2    | Bought a scroll of poison for 56 gold pieces
 18300 | Orc:2    | Offered knowledge of Lee's Rapid Deconstruction by Vehumet.
 18307 | Orc:2    | Learned a level 5 spell: Lee's Rapid Deconstruction
 18413 | Orc:2    | Found Piehiyrch's General Store.
 18422 | Orc:2    | Found Abeopefu's Distillery.
 18495 | Orc:2    | Bought a scroll of identify for 34 gold pieces
 18495 | Orc:2    | Bought a potion of haste for 170 gold pieces
 18495 | Orc:2    | Bought a scroll of identify for 34 gold pieces
 18513 | Orc:2    | Bought a potion of curing for 39 gold pieces
 18513 | Orc:2    | Bought a potion of heal wounds for 65 gold pieces
 18513 | Orc:2    | Bought a potion of cancellation for 104 gold pieces
 18513 | Orc:2    | Bought a potion of brilliance for 52 gold pieces
 18513 | Orc:2    | Bought a potion of brilliance for 52 gold pieces
 18517 | Orc:2    | Reached XP level 15. HP: 95/95 MP: 23/28
 18571 | Orc:2    | Found Bozug's Antique Weapon Emporium.
 18941 | Orc:2    | Reached skill level 14 in Earth Magic
 19028 | Orc:2    | Reached skill level 10 in Spellcasting
 19043 | Orc:2    | Found Juhysch's Book Boutique.
 19043 | Orc:2    | Found a one-way gate leading to the halls of Pandemonium.
 19043 | Orc:2    | Found Waut's Antique Armour Shop.
 19048 | Orc:2    | Bought a book of the Earth for 612 gold pieces
 19059 | Orc:2    | Bought an embroidered hat for 231 gold pieces
 19286 | D:13     | Found Yfateura's Jewellery Emporium.
 19327 | D:13     | Learned a level 6 spell: Bombard
 19330 | D:13     | Offered knowledge of Plasma Beam by Vehumet.
 19391 | D:13     | Found a gate to the Vaults.
 20658 | D:14     | Upgraded the game from 0.31-a0-1144-g99969ba1bc to
                  | 0.31-a0-1154-gadca813884
 21103 | D:15     | Entered Level 15 of the Dungeon
 21480 | D:15     | Noticed Kirke
 21482 | D:15     | Noticed a sphinx
 21485 | D:15     | Reached skill level 15 in Earth Magic
 21488 | D:15     | Killed Kirke
 21489 | D:15     | Reached XP level 16. HP: 101/101 MP: 9/30
 21876 | D:15     | Found a staircase to the Depths.
 22306 | Spider:1 | Entered Level 1 of the Spider Nest
 22310 | Spider:1 | Reached skill level 10 in Ice Magic
 22310 | Spider:1 | Noticed Frances
 22317 | Spider:1 | Killed Frances
 22405 | Lair:2   | Slain by a pharaoh ant

Illustrated notes

Levels and vault maps discovered:
D:1:      saegor_arrival_under_anarchy, layout_loops_corners, chequers_jeans
D:2:      layout_loops_ring, serial_bayou_lagoon_a, uniq_sigmund
D:3:      layout_basic, chequers_serial_rivers_micro_b, uniq_crazy_yiuf_cottage,
          uniq_grinder, uniq_natasha
D:4:      layout_loops_corners, serial_aquarium, aquarium_bridge_straight
          [aquarium_subvault_bridge, aquarium_subvault_window,
          aquarium_subvault_bridge, aquarium_subvault_wall],
          aquarium_bridge_square [aquarium_subvault_wall,
          aquarium_subvault_bridge, aquarium_subvault_bridge,
          aquarium_subvault_bridge], aquarium_window_fake, aquarium_window_3,
          aquarium_window_corner, aquarium_view_2f, aquarium_view_2d,
          aquarium_balcony_5b, feat_on_display
D:5:      layout_rooms, serial_shops, shop_fountains,
          hangedman_abyss_or_decor_stagger, uniq_ijyb
D:6:      cheibrodos_helix_gallery, layout_loops_corners,
          mainiacjoe_overflow_alcove_2, minitemple, st_stairs_9
D:7:      layout_basic, minmay_temple_entry_drinking_statues,
          nrook_loot_triangle
D:8:      minmay_the_grid_octo_2x2 [minmay_the_grid_octo_fan_narrow,
          minmay_the_grid_octo_clover, minmay_the_grid_octo_shrine,
          minmay_the_grid_octo_prize_square_snowflake], layout_gridville
D:9:      layout_loops_ring, due_lair_maze_entry_diamond, uniq_joseph
D:10:     layout_irregular_city
D:11:     layout_layer_cave, nicolae_trove_entry_path_of_doom,
          gauntlet_entry_generic, uniq_fannar, uniq_nergalle
D:12:     layout_gridville, zombieorc1_lemuel, uniq_josephine
D:13:     layout_basic, grunt_vaults_entry_fortified, serial_shops, shop
D:14:     layout_small_grid, patterned_corridor
D:15:     hellmonk_depths_entry_around_the_bend, layout_grid_maze,
          minmay_misc_feat_enclosed, uniq_kirke
Temple:   compressed_dpeg_triangle_lava_temple
Lair:1:   layout_cave_pods, gammafunk_ghost_cemetery, uniq_gastronok
Lair:2:   layout_loops_ring, elwin_shoals_entry_rooms, spider_nest_entry_webs,
          nicolae_lair_lil_pond
Lair:3:   layout_cave_pods, minivault_23
Lair:4:   layout_gridlike, dpeg_slime_entry_enclosed,
          ebering_ghost_reflecting_pool, lemuel_centaur_altar,
          grunt_megastairs_3, infiniplex_staircase_pool
Lair:5:   wormcave, layout_long_grid, guppyfry_lair_end_dragon, basic_altar,
          ebering_ghost_rock_garden, serial_bayou_shore_a
Spider:1: layout_spider_delve, hangedman_spider_trapstep, uniq_frances
Orc:1:    layout_caves, enter_volcano_2, gammafunk_ghost_wrathful_warriors
Orc:2:    pf_orc_diabolical, layout_caves, serial_shops,
          nicolae_shop_real_fake_doors, shop, shop, ebering_ghost_xom,
          uniq_azrael

Skill      XL: |  1  2  3  4  5  6  7  8  9 10 11 12 13 14 15 16 |
---------------+-------------------------------------------------+-----
Earth Magic    | 4 5 6 7 9 11 12 13 15 | 15.6
Fighting       | 1 2 3 4 5 6 7 8 9 10 11 12 | 12.5
Conjurations   | 1 2 3 5 6 7 8 9 10 11 | 11.3
Spellcasting   | 3 4 6 7 8 9 10 | 10.7
Ice Magic      | 1 4 6 7 8 9 10 | 10.1
Shields        | 1 3 5 6 7 9 |  9.6
Air Magic      | 1 3 5 6 7 |  7.6
Armour         | 1 3 5 6 8 9 |  9.8
Dodging        | |  1.5
Stealth        | |  2.1
Transmutations | |  0.7

Action                     |  1- 3 |  4- 6 |  7- 9 | 10-12 | 13-15 | 16-18 || total
---------------------------+-------+-------+-------+-------+-------+-------++-------
  Melee: Unarmed           |     3 |       |    10 |       |       |       ||    13
         Falchion          |       |       |    17 |       |       |       ||    17
         Trident           |       |       |       |    12 |       |       ||    12
         Staff             |       |       |       |    24 |    15 |     4 ||    43
   Fire: Sling             |       |       |       |     9 |       |     3 ||    12
   Cast: Sandblast         |    31 |    44 |   127 |   156 |   322 |     4 ||   684
         Stone Arrow       |       |       |    23 |    83 |   110 |     4 ||   220
         Freezing Cloud    |       |       |       |    15 |   148 |     9 ||   172
         Frozen Ramparts   |       |       |       |    11 |    30 |     3 ||    44
         Arcjolt           |       |       |       |       |    10 |     8 ||    18
         Bombard           |       |       |       |       |    27 |    10 ||    37
         Lee's Rapid Decon |       |       |       |       |    10 |    13 ||    23
  Evoke: Wand              |       |       |       |    19 |     1 |       ||    20
         Lightning rod     |       |       |       |     3 |       |       ||     3
    Use: Scroll            |       |       |    10 |     8 |     8 |     3 ||    29
         Potion            |       |       |     2 |       |       |     4 ||     6
   Stab: Invisible         |       |       |       |       |     1 |       ||     1
 Armour: Robe              |     8 |     8 |    54 |   215 |   278 |    91 ||   654
  Dodge: Dodged            |     3 |    12 |    31 |   129 |   116 |    40 ||   331

Table legend: (Time is in decaauts)
 A = Elapsed time spent in this place.
 B = Non-inter-level travel time spent in this place.
 C = Inter-level travel time spent in this place.
 D = Time resting spent in this place.
 E = Time spent auto-exploring this place.
 F = Levels seen in this place.
 G = Mean time per level.
                   A        B        C        D        E       F      G
               +--------+--------+--------+--------+--------+-----+--------+
         Total |  22897 |  21836 |   1061 |    553 |  15766 |  25 |  915.9 |
       Dungeon |  14978 |  14290 |    688 |    283 |  11152 |  15 |  998.5 |
        Temple |     26 |     14 |     12 |      0 |      0 |   1 |   26.0 |
          Lair |   5821 |   5503 |    318 |    232 |   3855 |   5 | 1164.2 |
   Spider Nest |     30 |     30 |      0 |      0 |      0 |   1 |   30.0 |
  Orcish Mines |   1720 |   1679 |     41 |      0 |    748 |   2 |  860.0 |
       Volcano |    319 |    319 |      0 |     38 |     11 |   1 |  319.0 |
               +--------+--------+--------+--------+--------+-----+--------+

Top non-repeatable levels by time:
  Lair:1: 1381 daAuts
     D:8: 1320 daAuts
     D:6: 1307 daAuts
  Lair:5: 1285 daAuts
   Orc:2: 1248 daAuts
  Lair:2: 1232 daAuts
    D:13: 1159 daAuts
     D:9: 1123 daAuts
     D:4: 1070 daAuts
    D:15: 1028 daAuts
    D:12: 1020 daAuts
     D:1: 1013 daAuts
     D:3: 1006 daAuts
     D:2: 972 daAuts
  Lair:4: 968 daAuts
